Blue Jackets vs Maple Leafs (R1)

Created - June 5, 2017 at 19:32

Goals
1 2 3 T
Blue Jackets 1 0 0 1
Maple Leafs 0 2 2 4
Shots
1 2 3 T
Blue Jackets 7 9 13 29
Maple Leafs 5 16 14 35

1st period

1. Blue Jackets , Patric Hornqvist 4 (Pavel Datsyuk 4) at 1:07 (PP)

Penalties :
Michael Grabner (Tor) for Interference (Minor) at 1:02, Mike York (Clb) for Hooking (Minor) at 5:57, Michael Grabner (Tor) for Roughing (Minor) at 9:12, Colby Armstrong (Tor) for Tripping (Minor) at 19:55

2nd period

2. Maple Leafs , Eric Nystrom 2 (Michael Grabner 1, Braydon Coburn 2) at 2:11
3. Maple Leafs , Taylor Chorney 1 (Claude Giroux 8, Evgeni Malkin 6) at 7:57

Penalties :
Pavel Datsyuk (Clb) for Hooking (Minor) at 5:06, Colby Armstrong (Tor) for Interference (Minor) at 8:17, Jan Bulis (Clb) for Cross-checking (Minor) at 11:51, Alexander Frolov (Tor) for Delaying the game (Minor) at 15:55

3rd period

4. Maple Leafs , Michael Grabner 1 (Eric Nystrom 2, Zac Dalpe 1) at 12:18
5. Maple Leafs , Claude Giroux 5 (Evgeni Malkin 7) at 12:22 (PP)

Penalties :
Eric Nystrom (Tor) for Roughing (Minor) at 1:29, Rob Schremp (Tor) for Tripping (Minor) at 8:06, Kevin Bieksa (Clb) for High sticking (Minor) at 8:55, Patric Hornqvist (Clb) for Interference (Minor) at 12:21, Alexander Frolov (Tor) for Roughing (Minor) at 14:06

Goalie Stats

Niklas Backstrom (Clb), 31 saves from 35 shots - (0.886), L, 0-1-0, 60:00 minutes
Marc-André Fleury (Tor), 28 saves from 29 shots - (0.966), W, 4-3-0, 60:00 minutes

Players Stats for Blue Jackets

Player Name              G  A  P  +/- PIM S  H  SB GA TA FO     MP     PP MP  PK MP  
------------------------------------------------------------------------------------
Andreas Nodl             0  0  0   0  0   1  1  0  0  0  1/4    10:48   0:00   1:23 
Branislav Mezei          0  0  0  -1  0   3  2  1  0  0  0/0    28:03   7:27   4:16 
Brooks Orpik             0  0  0  -1  0   3  0  1  0  1  0/0    22:13   5:21   2:31 
Cory Emmerton            0  0  0  -2  0   1  0  0  0  0  5/15   10:35   0:00   0:00 
Dave Steckel             0  0  0  -1  0   1  0  0  0  0  2/3     9:26   0:11   0:43 
David Booth              0  0  0   0  0   0  0  0  0  0  1/4    21:01   7:03   2:13 
François Beauchemin      0  0  0  -1  0   1  5  1  1  0  0/0    10:24   0:00   0:00 
Jan Bulis                0  0  0   0  2   0  2  0  1  0  4/8    14:46   5:34   0:10 
Jason Ward               0  0  0  -1  0   0  1  1  0  0  0/0     8:43   0:11   0:00 
Kevin Bieksa             0  0  0  -1  2   1  2  2  1  1  0/0    26:55   7:26   3:49 
Marcus Nilson            0  0  0   0  0   1  0  0  0  0  0/0    14:06   5:34   0:00 
Martin Havlat            0  0  0  -2  0   3  2  1  1  0  0/1    17:55   5:34   1:18 
Mike Commodore           0  0  0  -1  0   0  0  1  0  0  0/0    11:04   0:00   0:27 
Mike Lundin              0  0  0  -1  0   0  0  1  0  3  0/0    22:13   5:21   2:31 
Mike York                0  0  0  -2  2   0  0  1  0  0  0/0    11:04   0:18   0:00 
Patric Hornqvist         1  0  1   0  2   7  4  1  1  0  0/1    22:36   7:03   4:33 
Pavel Datsyuk            0  1  1   0  2   6  1  0  0  0  17/30  21:34   6:56   3:14 
Tomas Kurka              0  0  0  -1  0   1  0  1  0  0  0/0     8:32   0:00   0:00 

Players Stats for Maple Leafs

Player Name              G  A  P  +/- PIM S  H  SB GA TA FO     MP     PP MP  PK MP  
------------------------------------------------------------------------------------
Alexander Frolov         0  0  0   1  4   3  2  0  2  1  2/4    19:43   4:45   2:54 
Blake Comeau             0  0  0   0  0   0  2  0  0  0  0/0     9:23   0:00   2:59 
Braydon Coburn           0  1  1   0  0   5  3  1  0  0  0/0    29:48   5:04   8:14 
Claude Giroux            1  1  2   1  0   6  1  0  0  0  9/16   22:45   3:56   7:17 
Colby Armstrong          0  0  0   0  4   2  1  0  0  0  1/1    12:51   2:02   0:00 
Eric Nystrom             1  1  2   2  2   2  1  0  2  0  0/0    10:43   0:00   0:27 
Evgeni Malkin            0  2  2   1  0   0  2  0  0  0  15/27  23:08   3:56   7:41 
Fabian Brunnstrom        0  0  0   0  0   4  1  0  0  0  1/1    12:46   2:02   0:00 
Jamie McBain             0  0  0   1  0   0  1  0  0  0  0/0    11:11   0:00   0:00 
Jordan Staal             0  0  0   0  0   4  1  1  0  0  5/10   19:12   2:51   4:06 
Justin Abdelkader        0  0  0   0  0   0  2  0  0  0  0/0     6:24   0:00   0:00 
Justin Schultz           0  0  0   1  0   0  0  2  0  0  0/0    11:11   0:00   0:00 
Marc-Édouard Vlasic      0  0  0   2  0   3  1  0  0  1  0/0    19:01   1:43   4:34 
Michael Grabner          1  1  2   2  4   3  1  0  0  0  0/0    10:20   0:00   0:00 
Rob Schremp              0  0  0   0  2   1  0  0  0  0  1/3     8:25   0:49   0:12 
Taylor Chorney           1  0  1   2  0   1  2  0  0  2  0/0    19:01   1:43   4:34 
Tobias Enstrom           0  0  0   0  0   1  2  2  0  1  0/0    29:48   5:04   8:14 
Zac Dalpe                0  1  1   2  0   0  0  0  1  0  2/4    10:14   0:00   0:00 

3 Stars

1 - Marc-André Fleury (Tor)
2 - Claude Giroux (Tor)
3 - Taylor Chorney (Tor)

Power Play

Blue Jackets - 1 on 8 Attempt(s) - 12.50%
Maple Leafs - 1 on 5 Attempt(s) - 20.00%

Penalty Kill

Blue Jackets - 4 on 5 Attempt(s) - 80.00% - Score 0 goal in Penalty Kill
Maple Leafs - 7 on 8 Attempt(s) - 87.50% - Score 0 goal in Penalty Kill

Team Stat

Blue Jackets - Hits : 20 - Faceoff Wins : 30 - Blocked Shots : 12 - Penalty Minutes : 10
Maple Leafs - Hits : 23 - Faceoff Wins : 36 - Blocked Shots : 6 - Penalty Minutes : 16

Official

Referees : Dwyer Gord and McCreary Bill
Linesman : Brian Mach and Steve Miller

Game Notes

Justin Schultz is injured at 18:37 of 3rd period (Bruised Right Shoulder)

Finance

Level 1 -- Attendance: 6000 (100.00%) -- Ticket Income $510,000
Level 2 -- Attendance: 5000 (100.00%) -- Ticket Income $250,000
Level 3 -- Attendance: 2000 (100.00%) -- Ticket Income $62,000
Level 4 -- Attendance: 4000 (100.00%) -- Ticket Income $80,000
Luxury Box -- Attendance: 1000 (100.00%) -- Ticket Income $150,000
Game was played at the Maple Leafs Garden.
Total Attendance: 18000 (100.00%)
Total Ticket Income: $1,052,000
Other Income: $157,800
Total Income: $1,209,800

Blue Jackets

5 vs 5 Forward 
   Center                   Left Wing                Right Wing               Time % Phy DF OF 
 1 Pavel Datsyuk            David Booth              Patric Hornqvist         35     1   2  2  
 2 Cory Emmerton            Mike York                Martin Havlat            30     1   2  2  
 3 Jan Bulis                Marcus Nilson            Andreas Nodl             25     1   2  2  
 4 Dave Steckel             Tomas Kurka              Jason Ward               10     1   2  2  

5 vs 5 Defense 
   Defense                  Defense                                           Time % Phy DF OF 
 1 Branislav Mezei          Kevin Bieksa                                      40     1   2  2  
 2 Mike Lundin              Brooks Orpik                                      30     1   2  2  
 3 François Beauchemin      Mike Commodore                                    20     1   2  2  
 4 Branislav Mezei          Kevin Bieksa                                      10     1   2  2  

PowerPlay Forward 
   Center                   Left Wing                Right Wing               Time % Phy DF OF 
 1 Pavel Datsyuk            David Booth              Patric Hornqvist         60     1   2  2  
 2 Jan Bulis                Marcus Nilson            Martin Havlat            40     1   2  2  

PowerPlay Defense
   Defense                  Defense                                           Time % Phy DF OF 
 1 Branislav Mezei          Kevin Bieksa                                      60     1   2  2  
 2 Mike Lundin              Brooks Orpik                                      40     1   2  2  

Penalty Kill 4 Players Forward 
   Center                   Wing                     Time % Phy DF OF 
 1 Pavel Datsyuk            Patric Hornqvist         60     1   2  2  
 2 David Booth              Martin Havlat            40     1   2  2  

Penalty Kill 4 Players Defense
   Defense                  Defense                  Time % Phy DF OF 
 1 Branislav Mezei          Kevin Bieksa             60     1   2  2  
 2 Mike Lundin              Brooks Orpik             40     1   2  2  

Penalty Kill - 3 Players Forward 
   Forward                                           Time % Phy DF OF 
 1 Pavel Datsyuk                                     60     1   2  2  
 2 Patric Hornqvist                                  40     1   2  2  

Penalty Kill - 3 Players Defense
   Defense                  Defense                  Time % Phy DF OF 
 1 Branislav Mezei          Kevin Bieksa             60     1   2  2  
 2 Mike Lundin              Brooks Orpik             40     1   2  2  

4 vs 4 Forward 
   Center                   Wing                     Time % Phy DF OF 
 1 Pavel Datsyuk            Patric Hornqvist         60     1   2  2  
 2 David Booth              Martin Havlat            40     1   2  2  

4 vs 4 Defense
   Defense                  Defense                  Time % Phy DF OF 
 1 Branislav Mezei          Kevin Bieksa             60     1   2  2  
 2 Mike Lundin              Brooks Orpik             40     1   2  2  

Last Minutes Offensive
   Center                   Left Wing                Right Wing               Defense                  Defense                  
   Pavel Datsyuk            David Booth              Patric Hornqvist         Branislav Mezei          Kevin Bieksa             

Last Minutes Defensive
   Center                   Left Wing                Right Wing               Defense                  Defense                  
   Pavel Datsyuk            David Booth              Patric Hornqvist         Branislav Mezei          Kevin Bieksa             

Goaltenders
Starting : Niklas Backstrom         
Backup : Rick DiPietro            

Extra Forwards
Normal : Mike York, Dave Steckel, Andreas Nodl - PP : Mike York, Dave Steckel - PK : Andreas Nodl
Extra Defensemen
Normal : François Beauchemin, Mike Commodore, Mike Lundin - PP : François Beauchemin - PK : Mike Commodore, Mike Lundin
Penalty Shots
Pavel Datsyuk, Patric Hornqvist, David Booth, Martin Havlat, Marcus Nilson

Scratches
A.J Thelen (Healthy), Jeff Taffe (Abdominal Strain Injury), Tyler Sloan (Healthy)

Maple Leafs

5 vs 5 Forward 
   Center                   Left Wing                Right Wing               Time % Phy DF OF 
 1 Evgeni Malkin            Alexander Frolov         Claude Giroux            40     1   2  2  
 2 Jordan Staal             Fabian Brunnstrom        Colby Armstrong          30     1   2  2  
 3 Zac Dalpe                Eric Nystrom             Michael Grabner          20     1   2  2  
 4 Rob Schremp              Justin Abdelkader        Blake Comeau             10     1   2  2  

5 vs 5 Defense 
   Defense                  Defense                                           Time % Phy DF OF 
 1 Tobias Enstrom           Braydon Coburn                                    40     1   2  2  
 2 Taylor Chorney           Marc-Édouard Vlasic                               30     1   2  2  
 3 Jamie McBain             Justin Schultz                                    20     1   2  2  
 4 Tobias Enstrom           Braydon Coburn                                    10     1   2  2  

PowerPlay Forward 
   Center                   Left Wing                Right Wing               Time % Phy DF OF 
 1 Evgeni Malkin            Alexander Frolov         Claude Giroux            60     1   2  2  
 2 Jordan Staal             Fabian Brunnstrom        Colby Armstrong          40     1   2  2  

PowerPlay Defense
   Defense                  Defense                                           Time % Phy DF OF 
 1 Tobias Enstrom           Braydon Coburn                                    60     1   2  2  
 2 Taylor Chorney           Marc-Édouard Vlasic                               40     1   2  2  

Penalty Kill 4 Players Forward 
   Center                   Wing                     Time % Phy DF OF 
 1 Claude Giroux            Evgeni Malkin            60     1   2  2  
 2 Alexander Frolov         Jordan Staal             40     1   2  2  

Penalty Kill 4 Players Defense
   Defense                  Defense                  Time % Phy DF OF 
 1 Tobias Enstrom           Braydon Coburn           60     1   2  2  
 2 Taylor Chorney           Marc-Édouard Vlasic      40     1   2  2  

Penalty Kill - 3 Players Forward 
   Forward                                           Time % Phy DF OF 
 1 Claude Giroux                                     60     1   2  2  
 2 Evgeni Malkin                                     40     1   2  2  

Penalty Kill - 3 Players Defense
   Defense                  Defense                  Time % Phy DF OF 
 1 Tobias Enstrom           Braydon Coburn           60     1   2  2  
 2 Taylor Chorney           Marc-Édouard Vlasic      40     1   2  2  

4 vs 4 Forward 
   Center                   Wing                     Time % Phy DF OF 
 1 Claude Giroux            Evgeni Malkin            60     1   2  2  
 2 Alexander Frolov         Jordan Staal             40     1   2  2  

4 vs 4 Defense
   Defense                  Defense                  Time % Phy DF OF 
 1 Tobias Enstrom           Braydon Coburn           60     1   2  2  
 2 Taylor Chorney           Marc-Édouard Vlasic      40     1   2  2  

Last Minutes Offensive
   Center                   Left Wing                Right Wing               Defense                  Defense                  
   Evgeni Malkin            Alexander Frolov         Claude Giroux            Tobias Enstrom           Braydon Coburn           

Last Minutes Defensive
   Center                   Left Wing                Right Wing               Defense                  Defense                  
   Evgeni Malkin            Alexander Frolov         Claude Giroux            Tobias Enstrom           Braydon Coburn           

Goaltenders
Starting : Marc-André Fleury        
Backup : Alex Stalock             

Extra Forwards
Normal : Michael Grabner, Eric Nystrom, Blake Comeau - PP : Michael Grabner, Eric Nystrom - PK : Blake Comeau
Extra Defensemen
Normal : Jamie McBain, Justin Schultz, Taylor Chorney - PP : Jamie McBain - PK : Justin Schultz, Taylor Chorney
Penalty Shots
Claude Giroux, Evgeni Malkin, Alexander Frolov, Jordan Staal, Fabian Brunnstrom

Scratches
None


% Time on Ice - Blue Jackets

Lines # - Real PCT - Wanted PCT - Time Play
Normal Forward
1 - 29% - 35% - 11:24
2 - 28% - 30% - 10:55
3 - 21% - 25% - 8:24
4 - 22% - 10% - 8:32
Normal Defense
1 - 40% - 40% - 15:40
2 - 35% - 30% - 13:51
3 - 25% - 20% - 9:44
4 - 0% - 10% - 0:00
PP Forward
1 - 57% - 60% - 7:14
2 - 43% - 40% - 5:34
PP Defense
1 - 58% - 60% - 7:27
2 - 42% - 40% - 5:21
PK Forward
1 - 81% - 60% - 5:29
2 - 19% - 40% - 1:18
PK Defense
1 - 63% - 60% - 4:16
2 - 37% - 40% - 2:31
PK3 Forward
1 - 0% - 60%
2 - 0% - 40%
PK3 Defense
1 - 0% - 60%
2 - 0% - 40%
44 Forward
1 - 77% - 60% - 0:54
2 - 23% - 40% - 0:16
44 Defense
1 - 57% - 60% - 0:40
2 - 43% - 40% - 0:30
Last Minute Offensive  - 0:00
Last Minute Defensive  - 0:00
Total
Forward - 60:00
Defense - 60:00

% Time on Ice - Maple Leafs

Lines # - Real PCT - Wanted PCT - Time Play
Normal Forward
1 - 27% - 40% - 10:37
2 - 31% - 30% - 12:00
3 - 26% - 20% - 10:14
4 - 16% - 10% - 6:24
Normal Defense
1 - 38% - 40% - 14:53
2 - 32% - 30% - 12:28
3 - 28% - 20% - 11:11
4 - 2% - 10% - 0:43
PP Forward
1 - 58% - 60% - 3:56
2 - 42% - 40% - 2:51
PP Defense
1 - 75% - 60% - 5:04
2 - 25% - 40% - 1:43
PK Forward
1 - 69% - 60% - 8:48
2 - 31% - 40% - 4:00
PK Defense
1 - 64% - 60% - 8:14
2 - 36% - 40% - 4:34
PK3 Forward
1 - 0% - 60%
2 - 0% - 40%
PK3 Defense
1 - 0% - 60%
2 - 0% - 40%
44 Forward
1 - 79% - 60% - 0:55
2 - 21% - 40% - 0:15
44 Defense
1 - 77% - 60% - 0:54
2 - 23% - 40% - 0:16
Last Minute Offensive  - 0:00
Last Minute Defensive  - 0:00
Total
Forward - 60:00
Defense - 60:00

Play by Play

1st period


0:01 of 1st period - Pavel Datsyuk wins face-off versus Evgeni Malkin in neutral zone.
1:02 of 1st period - Minor Penalty to Michael Grabner for Interference.
1:03 of 1st period - Pavel Datsyuk wins face-off versus Claude Giroux in Maple Leafs zone.
1:07 of 1st period - Snap shot by Patric Hornqvist.
1:07 of 1st period - Goal by Patric Hornqvist - Blue Jackets : 1 - Maple Leafs : 0.
1:08 of 1st period - Dave Steckel wins face-off versus Rob Schremp in neutral zone.
1:35 of 1st period - Claude Giroux is hit by François Beauchemin and loses puck.
1:42 of 1st period - Pavel Datsyuk is hit by Evgeni Malkin and loses puck.
1:51 of 1st period - Jamie McBain is hit by François Beauchemin and loses puck.
2:18 of 1st period - Slapshot by Patric Hornqvist.
2:18 of 1st period - Stopped by Marc-André Fleury without a rebound.
2:19 of 1st period - Jordan Staal wins face-off versus Cory Emmerton in Maple Leafs zone.
3:20 of 1st period - Mike Lundin is hit by Blake Comeau and loses puck.
4:39 of 1st period - Wrist shot by Jordan Staal.
4:39 of 1st period - Deflect By Fabian Brunnstrom.
4:39 of 1st period - Shot Misses the Net.
4:39 of 1st period - Puck is out of play.
4:40 of 1st period - Evgeni Malkin wins face-off versus Cory Emmerton in Blue Jackets zone.
4:55 of 1st period - Snap shot by Alexander Frolov.
4:55 of 1st period - Stopped by Niklas Backstrom with a rebound.
5:31 of 1st period - Snap shot by Jan Bulis.
5:31 of 1st period - Shot Misses the Net.
5:33 of 1st period - Slapshot by François Beauchemin.
5:33 of 1st period - Stopped by Marc-André Fleury without a rebound.
5:34 of 1st period - Evgeni Malkin wins face-off versus Cory Emmerton in Maple Leafs zone.
5:57 of 1st period - Minor Penalty to Mike York for Hooking.
5:58 of 1st period - Evgeni Malkin wins face-off versus Pavel Datsyuk in Blue Jackets zone.
7:14 of 1st period - Icing by Alexander Frolov.
7:15 of 1st period - Pavel Datsyuk wins face-off versus Evgeni Malkin in Maple Leafs zone.
7:28 of 1st period - Martin Havlat is hit by Fabian Brunnstrom and loses puck.
7:57 of 1st period - Penalty to Mike York is over, Mike York is back on ice.
8:22 of 1st period - Snap shot by Marcus Nilson.
8:22 of 1st period - Stopped by Marc-André Fleury with a rebound.
9:12 of 1st period - Minor Penalty to Michael Grabner for Roughing.
9:13 of 1st period - Claude Giroux wins face-off versus Pavel Datsyuk in Maple Leafs zone.
9:18 of 1st period - Icing by Kevin Bieksa.
9:19 of 1st period - Pavel Datsyuk wins face-off versus Claude Giroux in Blue Jackets zone.
10:48 of 1st period - Evgeni Malkin is hit by Martin Havlat and loses puck.
11:12 of 1st period - Penalty to Michael Grabner is over, Michael Grabner is back on ice.
12:01 of 1st period - Icing by Colby Armstrong.
12:02 of 1st period - Jan Bulis wins face-off versus Jordan Staal in Maple Leafs zone.
12:25 of 1st period - Wrist shot by Mike Lundin.
12:25 of 1st period - Shot Blocked by Jordan Staal.
12:27 of 1st period - Snap shot by Tomas Kurka.
12:27 of 1st period - Stopped by Marc-André Fleury without a rebound.
12:28 of 1st period - Pavel Datsyuk wins face-off versus Alexander Frolov in Maple Leafs zone.
12:39 of 1st period - Slapshot by Pavel Datsyuk.
12:39 of 1st period - Stopped by Marc-André Fleury with a rebound.
12:55 of 1st period - Martin Havlat is hit by Michael Grabner and loses puck.
13:32 of 1st period - Taylor Chorney is hit by Pavel Datsyuk and loses puck.
15:01 of 1st period - Snap shot by Colby Armstrong.
15:01 of 1st period - Stopped by Niklas Backstrom without a rebound.
15:02 of 1st period - Evgeni Malkin wins face-off versus Martin Havlat in Blue Jackets zone.
15:33 of 1st period - Snap shot by Patric Hornqvist.
15:33 of 1st period - Shot Misses the Net.
15:37 of 1st period - Snap shot by Pavel Datsyuk.
15:37 of 1st period - Shot Misses the Net.
15:39 of 1st period - Snap shot by Branislav Mezei.
15:39 of 1st period - Stopped by Marc-André Fleury with a rebound.
15:59 of 1st period - Wrist shot by Michael Grabner.
15:59 of 1st period - Stopped by Niklas Backstrom with a rebound.
17:10 of 1st period - Branislav Mezei is hit by Alexander Frolov and loses puck.
17:47 of 1st period - Jordan Staal is hit by Martin Havlat and loses puck.
18:22 of 1st period - Justin Schultz is hit by Patric Hornqvist and loses puck.
18:49 of 1st period - Slapshot by Jamie McBain.
18:49 of 1st period - Deflect By Michael Grabner.
18:49 of 1st period - Stopped by Niklas Backstrom with a rebound.
19:09 of 1st period - Wrist shot by Colby Armstrong.
19:09 of 1st period - Stopped by Niklas Backstrom without a rebound.
19:10 of 1st period - Pavel Datsyuk wins face-off versus Evgeni Malkin in Blue Jackets zone.
19:55 of 1st period - Minor Penalty to Colby Armstrong for Tripping.
19:56 of 1st period - Claude Giroux wins face-off versus Pavel Datsyuk in Maple Leafs zone.
19:56 of 1st period - Claude Giroux is hit by Patric Hornqvist.
Goals for this period are 1 for Blue Jackets vs 0 for Maple Leafs.
Shots for this period are 7 for Blue Jackets vs 5 for Maple Leafs.

2nd period


0:01 of 2nd period - Claude Giroux wins face-off versus Pavel Datsyuk in neutral zone.
0:04 of 2nd period - David Booth is hit by Evgeni Malkin and loses puck.
0:11 of 2nd period - Wrist shot by Evgeni Malkin.
0:11 of 2nd period - Shot Blocked by Kevin Bieksa.
0:27 of 2nd period - Kevin Bieksa is hit by Alexander Frolov and loses puck.
1:55 of 2nd period - Penalty to Colby Armstrong is over, Colby Armstrong is back on ice.
2:11 of 2nd period - Slapshot by Eric Nystrom.
2:11 of 2nd period - Goal by Eric Nystrom - Blue Jackets : 1 - Maple Leafs : 1.
2:12 of 2nd period - Evgeni Malkin wins face-off versus David Booth in neutral zone.
2:19 of 2nd period - Slapshot by Alexander Frolov.
2:19 of 2nd period - Shot Misses the Net.
2:21 of 2nd period - Snap shot by Claude Giroux.
2:21 of 2nd period - Shot Blocked by Kevin Bieksa.
2:23 of 2nd period - Snap shot by Braydon Coburn.
2:23 of 2nd period - Shot Misses the Net.
2:25 of 2nd period - Backhand shot by Braydon Coburn.
2:25 of 2nd period - Stopped by Niklas Backstrom with a rebound.
2:27 of 2nd period - Snap shot by Claude Giroux.
2:27 of 2nd period - Stopped by Niklas Backstrom without a rebound.
2:28 of 2nd period - Cory Emmerton wins face-off versus Jordan Staal in Blue Jackets zone.
2:51 of 2nd period - Icing by Braydon Coburn.
2:52 of 2nd period - Evgeni Malkin wins face-off versus Patric Hornqvist in Maple Leafs zone.
2:52 of 2nd period - Evgeni Malkin is hit by Patric Hornqvist.
3:05 of 2nd period - Slapshot by Tobias Enstrom.
3:05 of 2nd period - Shot Misses the Net.
3:16 of 2nd period - Icing by Branislav Mezei.
3:17 of 2nd period - Jan Bulis wins face-off versus Jordan Staal in Blue Jackets zone.
3:21 of 2nd period - Off-side.
3:22 of 2nd period - Pavel Datsyuk wins face-off versus Jordan Staal in neutral zone.
4:42 of 2nd period - Snap shot by Justin Abdelkader.
4:42 of 2nd period - Shot Misses the Net.
5:06 of 2nd period - Minor Penalty to Pavel Datsyuk for Hooking.
5:07 of 2nd period - Evgeni Malkin wins face-off versus Andreas Nodl in Blue Jackets zone.
5:19 of 2nd period - Claude Giroux is hit by Andreas Nodl and loses puck.
5:23 of 2nd period - Icing by Tobias Enstrom.
5:24 of 2nd period - Andreas Nodl wins face-off versus Evgeni Malkin in Maple Leafs zone.
5:35 of 2nd period - Wrist shot by Claude Giroux.
5:35 of 2nd period - Deflect By Andreas Nodl.
5:35 of 2nd period - Stopped by Niklas Backstrom without a rebound.
5:36 of 2nd period - Evgeni Malkin wins face-off versus Andreas Nodl in Blue Jackets zone.
7:06 of 2nd period - Penalty to Pavel Datsyuk is over, Pavel Datsyuk is back on ice.
7:19 of 2nd period - Snap shot by Pavel Datsyuk.
7:19 of 2nd period - Stopped by Marc-André Fleury with a rebound.
7:41 of 2nd period - Wrist shot by Martin Havlat.
7:41 of 2nd period - Stopped by Marc-André Fleury without a rebound.
7:42 of 2nd period - Cory Emmerton wins face-off versus Evgeni Malkin in Maple Leafs zone.
7:43 of 2nd period - Snap shot by Martin Havlat.
7:43 of 2nd period - Stopped by Marc-André Fleury without a rebound.
7:44 of 2nd period - Evgeni Malkin wins face-off versus Cory Emmerton in Maple Leafs zone.
7:49 of 2nd period - Slapshot by Marc-Édouard Vlasic.
7:49 of 2nd period - Stopped by Niklas Backstrom without a rebound.
7:50 of 2nd period - Evgeni Malkin wins face-off versus Cory Emmerton in Blue Jackets zone.
7:55 of 2nd period - Slapshot by Evgeni Malkin.
7:55 of 2nd period - Deflect By Claude Giroux.
7:55 of 2nd period - Stopped by Niklas Backstrom with a rebound.
7:57 of 2nd period - Slapshot by Taylor Chorney.
7:57 of 2nd period - Goal by Taylor Chorney - Blue Jackets : 1 - Maple Leafs : 2.
7:58 of 2nd period - Pavel Datsyuk wins face-off versus Evgeni Malkin in neutral zone.
8:14 of 2nd period - Off-side.
8:15 of 2nd period - Colby Armstrong wins face-off versus Cory Emmerton in neutral zone.
8:17 of 2nd period - Minor Penalty to Colby Armstrong for Interference.
8:18 of 2nd period - Claude Giroux wins face-off versus Pavel Datsyuk in Maple Leafs zone.
8:18 of 2nd period - Claude Giroux is hit by Patric Hornqvist.
8:43 of 2nd period - Branislav Mezei is hit by Tobias Enstrom and loses puck.
8:50 of 2nd period - Slapshot by Branislav Mezei.
8:50 of 2nd period - Stopped by Marc-André Fleury with a rebound.
8:52 of 2nd period - Snap shot by Martin Havlat.
8:52 of 2nd period - Stopped by Marc-André Fleury with a rebound.
10:17 of 2nd period - Penalty to Colby Armstrong is over, Colby Armstrong is back on ice.
10:29 of 2nd period - Zac Dalpe is hit by Jason Ward.
10:49 of 2nd period - Mike York is hit by Jamie McBain and loses puck.
11:01 of 2nd period - Off-side.
11:02 of 2nd period - Rob Schremp wins face-off versus Dave Steckel in neutral zone.
11:34 of 2nd period - Slapshot by Pavel Datsyuk.
11:34 of 2nd period - Stopped by Marc-André Fleury without a rebound.
11:35 of 2nd period - Alexander Frolov wins face-off versus Jan Bulis in Maple Leafs zone.
11:35 of 2nd period - Alexander Frolov is hit by François Beauchemin.
11:49 of 2nd period - Snap shot by Evgeni Malkin.
11:49 of 2nd period - Shot Blocked by François Beauchemin.
11:51 of 2nd period - Minor Penalty to Jan Bulis for Cross-checking.
11:52 of 2nd period - Pavel Datsyuk wins face-off versus Evgeni Malkin in Blue Jackets zone.
12:07 of 2nd period - Slapshot by Claude Giroux.
12:07 of 2nd period - Shot Misses the Net.
12:09 of 2nd period - Wrist shot by Braydon Coburn.
12:09 of 2nd period - Deflect By Pavel Datsyuk.
12:09 of 2nd period - Stopped by Niklas Backstrom without a rebound.
12:10 of 2nd period - Jordan Staal wins face-off versus Pavel Datsyuk in Blue Jackets zone.
12:13 of 2nd period - Snap shot by Tobias Enstrom.
12:13 of 2nd period - Stopped by Niklas Backstrom without a rebound.
12:14 of 2nd period - Jordan Staal wins face-off versus Pavel Datsyuk in Blue Jackets zone.
12:27 of 2nd period - Snap shot by Fabian Brunnstrom.
12:27 of 2nd period - Stopped by Niklas Backstrom with a rebound.
12:29 of 2nd period - Slapshot by Tobias Enstrom.
12:29 of 2nd period - Shot Blocked by Branislav Mezei.
12:31 of 2nd period - Snap shot by Fabian Brunnstrom.
12:31 of 2nd period - Stopped by Niklas Backstrom with a rebound.
12:41 of 2nd period - Slapshot by Kevin Bieksa.
12:41 of 2nd period - Stopped by Marc-André Fleury with a rebound.
13:17 of 2nd period - Slapshot by Evgeni Malkin.
13:17 of 2nd period - Shot Misses the Net.
13:19 of 2nd period - Slapshot by Tobias Enstrom.
13:19 of 2nd period - Shot Misses the Net.
13:51 of 2nd period - Penalty to Jan Bulis is over, Jan Bulis is back on ice.
13:55 of 2nd period - Snap shot by Claude Giroux.
13:55 of 2nd period - Shot Misses the Net.
13:57 of 2nd period - Wrist shot by Claude Giroux.
13:57 of 2nd period - Stopped by Niklas Backstrom without a rebound.
13:58 of 2nd period - Cory Emmerton wins face-off versus Jordan Staal in Blue Jackets zone.
13:58 of 2nd period - Cory Emmerton is hit by Jordan Staal.
14:34 of 2nd period - Off-side.
14:35 of 2nd period - Fabian Brunnstrom wins face-off versus Andreas Nodl in neutral zone.
14:40 of 2nd period - Snap shot by Jordan Staal.
14:40 of 2nd period - Deflect By Fabian Brunnstrom.
14:40 of 2nd period - Stopped by Niklas Backstrom without a rebound.
14:41 of 2nd period - Jordan Staal wins face-off versus Jan Bulis in Blue Jackets zone.
14:46 of 2nd period - Snap shot by Fabian Brunnstrom.
14:46 of 2nd period - Shot Blocked by Mike Commodore.
14:48 of 2nd period - Snap shot by Fabian Brunnstrom.
14:48 of 2nd period - Deflect By Jordan Staal.
14:48 of 2nd period - Stopped by Niklas Backstrom without a rebound.
14:49 of 2nd period - Jordan Staal wins face-off versus Cory Emmerton in Blue Jackets zone.
15:03 of 2nd period - Snap shot by Jordan Staal.
15:03 of 2nd period - Stopped by Niklas Backstrom without a rebound.
15:04 of 2nd period - Pavel Datsyuk wins face-off versus Evgeni Malkin in Blue Jackets zone.
15:04 of 2nd period - Branislav Mezei is hit by Tobias Enstrom and loses puck.
15:31 of 2nd period - Colby Armstrong is hit by Kevin Bieksa and loses puck.
15:52 of 2nd period - Wrist shot by Cory Emmerton.
15:52 of 2nd period - Stopped by Marc-André Fleury without a rebound.
15:53 of 2nd period - Evgeni Malkin wins face-off versus Pavel Datsyuk in Maple Leafs zone.
15:55 of 2nd period - Minor Penalty to Alexander Frolov for Delaying the game.
15:56 of 2nd period - Pavel Datsyuk wins face-off versus Claude Giroux in Maple Leafs zone.
15:56 of 2nd period - Slapshot by Patric Hornqvist.
15:56 of 2nd period - Stopped by Marc-André Fleury without a rebound.
15:57 of 2nd period - Claude Giroux wins face-off versus Pavel Datsyuk in Maple Leafs zone.
16:42 of 2nd period - Mike Lundin is hit by Claude Giroux and loses puck.
17:55 of 2nd period - Penalty to Alexander Frolov is over, Alexander Frolov is back on ice.
19:13 of 2nd period - Dave Steckel is hit by Braydon Coburn and loses puck.
19:26 of 2nd period - Dave Steckel is hit by Blake Comeau and loses puck.
19:35 of 2nd period - Blake Comeau is hit by François Beauchemin and loses puck.
19:47 of 2nd period - Slapshot by Justin Abdelkader.
19:47 of 2nd period - Shot Misses the Net.
19:49 of 2nd period - Slapshot by Braydon Coburn.
19:49 of 2nd period - Stopped by Niklas Backstrom with a rebound.
19:51 of 2nd period - Slapshot by Rob Schremp.
19:51 of 2nd period - Shot Blocked by Tomas Kurka.
Goals for this period are 0 for Blue Jackets vs 2 for Maple Leafs.
Shots for this period are 9 for Blue Jackets vs 16 for Maple Leafs.

3rd period


0:01 of 3rd period - David Booth wins face-off versus Evgeni Malkin in neutral zone.
0:16 of 3rd period - Wrist shot by Claude Giroux.
0:16 of 3rd period - Shot Misses the Net.
1:01 of 3rd period - Slapshot by Branislav Mezei.
1:01 of 3rd period - Stopped by Marc-André Fleury with a rebound.
1:29 of 3rd period - Minor Penalty to Eric Nystrom for Roughing.
1:30 of 3rd period - Pavel Datsyuk wins face-off versus Evgeni Malkin in Maple Leafs zone.
1:39 of 3rd period - Snap shot by Patric Hornqvist.
1:39 of 3rd period - Stopped by Marc-André Fleury without a rebound.
1:40 of 3rd period - Pavel Datsyuk wins face-off versus Claude Giroux in Maple Leafs zone.
1:43 of 3rd period - Slapshot by David Booth.
1:43 of 3rd period - Shot Misses the Net.
1:53 of 3rd period - Snap shot by Patric Hornqvist.
1:53 of 3rd period - Stopped by Marc-André Fleury with a rebound.
1:55 of 3rd period - Wrist shot by Pavel Datsyuk.
1:55 of 3rd period - Stopped by Marc-André Fleury with a rebound.
1:57 of 3rd period - Slapshot by Patric Hornqvist.
1:57 of 3rd period - Shot Blocked by Tobias Enstrom.
1:59 of 3rd period - Slapshot by Brooks Orpik.
1:59 of 3rd period - Shot Blocked by Tobias Enstrom.
2:01 of 3rd period - Slapshot by Brooks Orpik.
2:01 of 3rd period - Stopped by Marc-André Fleury without a rebound.
2:02 of 3rd period - Evgeni Malkin wins face-off versus Jan Bulis in Maple Leafs zone.
2:07 of 3rd period - Snap shot by Braydon Coburn.
2:07 of 3rd period - Stopped by Niklas Backstrom without a rebound.
2:08 of 3rd period - Claude Giroux wins face-off versus Jan Bulis in Blue Jackets zone.
2:24 of 3rd period - Wrist shot by Jan Bulis.
2:24 of 3rd period - Shot Misses the Net.
3:14 of 3rd period - Snap shot by Claude Giroux.
3:14 of 3rd period - Stopped by Niklas Backstrom without a rebound.
3:15 of 3rd period - Jan Bulis wins face-off versus Alexander Frolov in Blue Jackets zone.
3:29 of 3rd period - Penalty to Eric Nystrom is over, Eric Nystrom is back on ice.
4:23 of 3rd period - Wrist shot by Rob Schremp.
4:23 of 3rd period - Stopped by Niklas Backstrom with a rebound.
4:55 of 3rd period - Mike Commodore is hit by Braydon Coburn and loses puck.
5:06 of 3rd period - Slapshot by Colby Armstrong.
5:06 of 3rd period - Shot Misses the Net.
5:22 of 3rd period - Mike Commodore is hit by Eric Nystrom and loses puck.
5:35 of 3rd period - François Beauchemin is hit by Justin Abdelkader.
5:39 of 3rd period - Mike Commodore is hit by Justin Abdelkader and loses puck.
5:52 of 3rd period - Marcus Nilson is hit by Braydon Coburn and loses puck.
6:51 of 3rd period - Snap shot by Patric Hornqvist.
6:51 of 3rd period - Stopped by Marc-André Fleury with a rebound.
6:53 of 3rd period - Slapshot by Brooks Orpik.
6:53 of 3rd period - Shot Blocked by Justin Schultz.
6:55 of 3rd period - Snap shot by David Booth.
6:55 of 3rd period - Shot Blocked by Justin Schultz.
6:57 of 3rd period - Snap shot by Brooks Orpik.
6:57 of 3rd period - Shot Misses the Net.
6:59 of 3rd period - Wrist shot by Patric Hornqvist.
6:59 of 3rd period - Stopped by Marc-André Fleury with a rebound.
7:01 of 3rd period - Slapshot by Brooks Orpik.
7:01 of 3rd period - Stopped by Marc-André Fleury without a rebound.
7:02 of 3rd period - Cory Emmerton wins face-off versus Evgeni Malkin in Maple Leafs zone.
7:29 of 3rd period - Colby Armstrong is hit by Kevin Bieksa and loses puck.
7:36 of 3rd period - Tobias Enstrom is hit by Jan Bulis and loses puck.
8:06 of 3rd period - Minor Penalty to Rob Schremp for Tripping.
8:07 of 3rd period - Claude Giroux wins face-off versus Pavel Datsyuk in Maple Leafs zone.
8:34 of 3rd period - Jordan Staal is hit by Branislav Mezei and loses puck.
8:55 of 3rd period - Minor Penalty to Kevin Bieksa for High sticking.
8:56 of 3rd period - Pavel Datsyuk wins face-off versus Claude Giroux in Blue Jackets zone.
9:05 of 3rd period - Wrist shot by Pavel Datsyuk.
9:05 of 3rd period - Shot Blocked by Braydon Coburn.
9:07 of 3rd period - Slapshot by Brooks Orpik.
9:07 of 3rd period - Deflect By Claude Giroux.
9:07 of 3rd period - Stopped by Marc-André Fleury with a rebound.
9:09 of 3rd period - Backhand shot by Pavel Datsyuk.
9:09 of 3rd period - Stopped by Marc-André Fleury without a rebound.
9:10 of 3rd period - Claude Giroux wins face-off versus Pavel Datsyuk in Maple Leafs zone.
9:10 of 3rd period - Claude Giroux is hit by Branislav Mezei.
9:55 of 3rd period - Off-side.
9:56 of 3rd period - Alexander Frolov wins face-off versus David Booth in neutral zone.
10:06 of 3rd period - Penalty to Rob Schremp is over, Rob Schremp is back on ice.
10:24 of 3rd period - Slapshot by Jordan Staal.
10:24 of 3rd period - Shot Blocked by Patric Hornqvist.
10:55 of 3rd period - Penalty to Kevin Bieksa is over, Kevin Bieksa is back on ice.
11:17 of 3rd period - Slapshot by Kevin Bieksa.
11:17 of 3rd period - Shot Misses the Net.
11:31 of 3rd period - Wrist shot by Alexander Frolov.
11:31 of 3rd period - Stopped by Niklas Backstrom with a rebound.
11:45 of 3rd period - Wrist shot by Jordan Staal.
11:45 of 3rd period - Stopped by Niklas Backstrom with a rebound.
11:47 of 3rd period - Wrist shot by Jordan Staal.
11:47 of 3rd period - Stopped by Niklas Backstrom without a rebound.
11:48 of 3rd period - Cory Emmerton wins face-off versus Zac Dalpe in Blue Jackets zone.
11:53 of 3rd period - Brooks Orpik is hit by Taylor Chorney and loses puck.
11:58 of 3rd period - Wrist shot by Eric Nystrom.
11:58 of 3rd period - Shot Blocked by Brooks Orpik.
12:00 of 3rd period - Slapshot by Marc-Édouard Vlasic.
12:00 of 3rd period - Stopped by Niklas Backstrom without a rebound.
12:01 of 3rd period - Zac Dalpe wins face-off versus Cory Emmerton in Blue Jackets zone.
12:04 of 3rd period - Wrist shot by Zac Dalpe.
12:04 of 3rd period - Shot Blocked by Mike Lundin.
12:06 of 3rd period - Wrist shot by Michael Grabner.
12:06 of 3rd period - Shot Blocked by Mike York.
12:08 of 3rd period - Snap shot by Eric Nystrom.
12:08 of 3rd period - Shot Blocked by Martin Havlat.
12:10 of 3rd period - Wrist shot by Marc-Édouard Vlasic.
12:10 of 3rd period - Stopped by Niklas Backstrom without a rebound.
12:11 of 3rd period - Zac Dalpe wins face-off versus Cory Emmerton in Blue Jackets zone.
12:14 of 3rd period - Wrist shot by Michael Grabner.
12:14 of 3rd period - Shot Misses the Net.
12:16 of 3rd period - Snap shot by Eric Nystrom.
12:16 of 3rd period - Stopped by Niklas Backstrom with a rebound.
12:18 of 3rd period - Snap shot by Michael Grabner.
12:18 of 3rd period - Goal by Michael Grabner - Blue Jackets : 1 - Maple Leafs : 3.
12:19 of 3rd period - Pavel Datsyuk wins face-off versus Zac Dalpe in neutral zone.
12:21 of 3rd period - Minor Penalty to Patric Hornqvist for Interference.
12:22 of 3rd period - Evgeni Malkin wins face-off versus Pavel Datsyuk in Blue Jackets zone.
12:22 of 3rd period - Wrist shot by Claude Giroux.
12:22 of 3rd period - Goal by Claude Giroux - Blue Jackets : 1 - Maple Leafs : 4.
12:23 of 3rd period - Evgeni Malkin wins face-off versus David Booth in neutral zone.
12:55 of 3rd period - Snap shot by Fabian Brunnstrom.
12:55 of 3rd period - Stopped by Niklas Backstrom with a rebound.
13:44 of 3rd period - Off-side.
13:45 of 3rd period - Evgeni Malkin wins face-off versus Cory Emmerton in neutral zone.
14:06 of 3rd period - Minor Penalty to Alexander Frolov for Roughing.
14:07 of 3rd period - Pavel Datsyuk wins face-off versus Claude Giroux in Maple Leafs zone.
14:12 of 3rd period - Snap shot by Patric Hornqvist.
14:12 of 3rd period - Shot Misses the Net.
14:14 of 3rd period - Snap shot by David Booth.
14:14 of 3rd period - Shot Misses the Net.
14:18 of 3rd period - Snap shot by Pavel Datsyuk.
14:18 of 3rd period - Shot Misses the Net.
14:20 of 3rd period - Snap shot by Pavel Datsyuk.
14:20 of 3rd period - Stopped by Marc-André Fleury without a rebound.
14:21 of 3rd period - Claude Giroux wins face-off versus Pavel Datsyuk in Maple Leafs zone.
14:53 of 3rd period - Tobias Enstrom is hit by Jan Bulis.
15:19 of 3rd period - Mike Lundin is hit by Marc-Édouard Vlasic and loses puck.
15:30 of 3rd period - Brooks Orpik is hit by Taylor Chorney and loses puck.
16:06 of 3rd period - Penalty to Alexander Frolov is over, Alexander Frolov is back on ice.
16:21 of 3rd period - Slapshot by Alexander Frolov.
16:21 of 3rd period - Stopped by Niklas Backstrom with a rebound.
16:23 of 3rd period - Slapshot by Braydon Coburn.
16:23 of 3rd period - Stopped by Niklas Backstrom with a rebound.
17:15 of 3rd period - Wrist shot by Claude Giroux.
17:15 of 3rd period - Shot Blocked by Jason Ward.
17:43 of 3rd period - Jan Bulis is hit by Colby Armstrong and loses puck.
18:10 of 3rd period - Slapshot by Dave Steckel.
18:10 of 3rd period - Stopped by Marc-André Fleury without a rebound.
18:11 of 3rd period - Dave Steckel wins face-off versus Rob Schremp in Maple Leafs zone.
18:36 of 3rd period - Justin Schultz is hit by François Beauchemin and loses puck.
18:37 of 3rd period - Justin Schultz from Maple Leafs is injured at 18:37 of 3rd period (Bruised Right Shoulder).
18:38 of 3rd period - Pavel Datsyuk wins face-off versus Claude Giroux in Maple Leafs zone.
19:14 of 3rd period - Wrist shot by Mike York.
19:14 of 3rd period - Shot Misses the Net.
19:48 of 3rd period - Wrist shot by Andreas Nodl.
19:48 of 3rd period - Stopped by Marc-André Fleury without a rebound.
19:49 of 3rd period - Jan Bulis wins face-off versus Evgeni Malkin in Maple Leafs zone.
Goals for this period are 0 for Blue Jackets vs 2 for Maple Leafs.
Shots for this period are 13 for Blue Jackets vs 14 for Maple Leafs.